 Dungeon Crawl Stone Soup version 0.26-a0-651-gb41185065b (webtiles) character file.

Game seed: 5961064155142710357

492602 tilp the Acrobat (level 23, -2/126 HPs)
             Began as a Spriggan Enchanter on Oct 27, 2020.
             Was the Champion of Dithmenos.
             Slain by an Executioner (6 damage)
             ... while paralysed
             ... on level 1 of the Abyss.
             The game lasted 04:16:16 (91106 turns).

tilp the Acrobat (Spriggan Enchanter)              Turns: 91106, Time: 04:16:17

Health: -2/126     AC: 13    Str:  0    XL:     23   Next: 90%
Magic:  15/43      EV:  4    Int: 25    God:    Dithmenos [******]
Gold:   1420       SH:  0    Dex: 18    Spells: 7/52 levels left

rFire    . . .     SeeInvis +   a - +9 dagger (freeze)
rCold    . . .     Faith    .   S - +2 buckler
rNeg     . . .     Spirit   .   t - +2 robe {Archmagi}
rPois    .         Reflect  .   J - +2 hat
rElec    .         Harm     .   z - +2 cloak
rCorr    .         Rampage  .   (gloves unavailable)
MR       +++++                  (boots unavailable)
Stlth    ++++++++++             X - amulet of magic regeneration
HPRegen  0.00/turn              C - +4 ring of protection
MPRegen  0.53/turn              T - ring of protection from magic

@: paralysed, slowed, lost strength, wreathed by umbra, very quick
A: very small, unfitting armour, see invisible, speed 3, [inhibited
regeneration], [weak 2]
}: 2/15 runes: decaying, serpentine
a: Shadow Step, Shadow Form, Renounce Religion


You were on level 1 of the Abyss.
You worshipped Dithmenos.
Dithmenos was exalted by your worship.
You visited 9 branches of the dungeon, and saw 43 of its levels.
You visited the Abyss 2 times.
You visited 2 bazaars.

You collected 6369 gold pieces.
You spent 4949 gold pieces at shops.

Inventory:

Hand Weapons
 a - a +9 dagger of freezing (weapon)
 b - a +8 quick blade of flaming
 d - the +4 dagger of Trial by Ordeal {vorpal, rElec Dex-3 Stlth+}
   (You found it on level 14 of the Dungeon)

   It inflicts extra damage upon your enemies.
   It affects your dexterity (-3).
   It insulates you from electricity.
   It makes you more stealthy.
 s - a +4 dagger
Missiles
 p - 4 datura-tipped darts
 u - a throwing net {!f}
 N - 20 atropa-tipped darts (quivered)
 Q - 4 curare-tipped darts
Armour
 t - a +2 robe of the Archmagi (worn)
 z - a +2 cloak (worn)
 J - a +2 hat (worn)
 S - a +2 buckler (worn)
Jewellery
 f - an uncursed amulet of reflection
 j - an uncursed ring of positive energy
 m - an uncursed ring of resist corrosion
 r - an uncursed ring of protection from fire
 C - a +4 ring of protection (left hand)
 E - the ring of Miethic {rC+ Int+4 SInv}
   (You acquired it on level 15 of the Dungeon)

   [ring of protection from cold]

   It affects your intelligence (+4).
   It protects you from cold.
   It lets you see invisible.
 T - a ring of protection from magic (right hand)
 V - an uncursed ring of flight
 X - an amulet of magic regeneration (around neck)
 Z - an uncursed ring of poison resistance
Wands
 k - a wand of digging (14)
 n - a wand of acid (28)
 G - a wand of enslavement (38)
 H - a wand of paralysis (27)
 W - a wand of iceblast (14)
Scrolls
 c - 3 scrolls of summoning
 g - 10 scrolls of teleportation
 o - 20 scrolls of remove curse
 q - 31 scrolls of identify
 w - 2 scrolls of holy word
 x - 15 scrolls of blinking
 A - 9 scrolls of magic mapping
 M - 7 scrolls of fear
 P - 4 scrolls of fog
 R - 5 scrolls of amnesia
 U - 2 scrolls of silence
Potions
 e - a potion of invisibility
 h - 21 potions of curing
 i - 5 potions of cancellation
 l - a potion of magic
 B - 10 potions of mutation
 K - 5 potions of resistance
 L - 6 potions of haste
 O - 5 potions of stabbing
 Y - 3 potions of ambrosia
Miscellaneous
 y - a condenser vane (2/2)
 D - a lightning rod (4/4)
 F - a tin of tremorstones (3/3)


   Skills:
 + Level 15.0 Fighting
 - Level 10.0 Short Blades
 - Level 22.0 Dodging
 - Level 16.0 Stealth
 - Level 4.0 Shields
 - Level 15.0 Spellcasting
 - Level 15.0 Conjurations
 - Level 18.0 Hexes
 - Level 4.0 Translocations
 - Level 4.0 Transmutations
 - Level 6.0 Fire Magic
 - Level 2.0 Air Magic
 + Level 15.0 Earth Magic
 - Level 10.0 Invocations
 - Level 15.0 Evocations


You had 7 spell levels left.
You knew the following spells:

 Your Spells              Type           Power        Failure   Level
a - Corona                Hex            #######      0%          1
b - Ensorcelled Hibernat  Hex/Ice        ######       1%          2
c - Confusing Touch       Hex            ########     0%          3
d - Tukima's Dance        Hex            ########     0%          3
e - Dazzling Flash        Conj/Hex       ######       0%          3
f - Cause Fear            Hex            ########..   1%          4
g - Slow                  Hex            ########     0%          2
h - Petrify               Tmut/Erth      #######.     1%          4
i - Silence               Hex/Air        #######...   1%          5
j - Bolt of Magma         Conj/Fire/Erth #######...   1%          5
k - Iron Shot             Conj/Erth      #######...   1%          6
l - Blink                 Tloc           N/A          1%          2
m - Yara's Violent Unrav  Hex/Tmut       #######...   1%          5

Your spell library contained the following spells:

 Spells                   Type           Power        Failure   Level
 Magic Dart               Conj           ####         0%          1
 Searing Ray              Conj           ######       0%          2
 Foxfire                  Conj/Fire      ####         1%          1
 Passwall                 Tmut/Erth      #######.     1%          2
 Conjure Flame            Conj/Fire      #######.     1%          3
 Gell's Gravitas          Tloc           ######....   1%          3
 Inner Flame              Hex/Fire       #######.     1%          3
 Mephitic Cloud           Conj/Pois/Air  ######..     1%          3
 Portal Projectile        Hex/Tloc       ######       1%          3
 Summon Guardian Golem    Hex/Summ       #######.     1%          3
 Fulminant Prism          Conj/Hex       ########..   1%          4
 Iskenderun's Mystic Bla  Conj/Tloc      #######.     1%          4
 Leda's Liquefaction      Hex/Erth       ########..   1%          4
 Lee's Rapid Deconstruct  Erth           #######...   1%          5
 Invisibility             Hex            ########     1%          6
 Swiftness                Air            #####...     2%          2
 Metabolic Englaciation   Hex/Ice        #######...   2%          5
 Summon Small Mammal      Summ           ####         3%          1
 Poisonous Vapours        Pois/Air       #####.       3%          2
 Call Imp                 Summ           ####....     5%          2
 Passage of Golubria      Tloc           N/A          7%          4
 Call Canine Familiar     Summ           ####....     11%         3
 Statue Form              Tmut/Erth      #######..    11%         6
 Summon Lightning Spire   Summ/Air       #####...     24%         4
 Summon Ice Beast         Ice/Summ       ####....     34%         4
 Freezing Cloud           Conj/Ice/Air   ######....   50%         6
 Dragon Form              Tmut           ######....   99%         7
 Discord                  Hex            ########..   14%         8
 Dragon's Call            Summ           ####......   100%        9
 Shatter                  Erth           #######...   100%        9


Dungeon Overview and Level Annotations

Branches:
Dungeon (15/15)            Temple (1/1) D:7            Lair (6/6) D:9
  Swamp (4/4) Lair:4        Snake (4/4) Lair:2        Slime (0/5) Lair:5
    Orc (2/2) D:12            Elf (2/3) Orc:2        Vaults (4/5) D:13
  Crypt (0/3) Vaults:3     Depths (5/5) D:15
    Zot: Depths:5

Altars:
Ashenzari
Cheibriados
Dithmenos
Elyvilon
Fedhas
Gozag
Hepliaklqana
Kikubaaqudgha
Makhleb
Nemelex Xobeh
Okawaru
Qazlal
Ru
Sif Muna
Trog
Uskayaw
Vehumet
Wu Jian
Xom
Yredelemnul
Zin
The Shining One
Beogh
Jiyva

Shops:
D:12 (*   Orc:2 *([=   Elf:2 }   Snake:1 *   Vaults:1 (   Vaults:4 :
Depths:5 ?[:!

Portals:
Hell: Depths:1 Depths:2 Depths:3 Depths:4 Depths:5
Abyss: Depths:2 Depths:4
Pandemonium: Depths:3 Depths:4
Ziggurat: Depths:3

Annotations:
Orc:2 2 runed translucent doors, exclusion: orange crystal statue
Elf:2 5 runed translucent doors
Vaults:2 exclusion: 3 doors, Mara
Depths:1 1 runed translucent door, exclusions: obsidian statue and orange crystal statue
Depths:3 exclusions: eye of devastation, eye of draining, floating eye and great orb of eyes
Depths:4 Mennas
Depths:5 1 runed translucent door, exclusion: 4 doors


Innate Abilities, Weirdness & Mutations

You are very small and have problems with some larger weapons.
You are too small for most types of armour.
You have supernaturally acute eyesight. (SInv)
You cover ground extremely quickly.
[You do not regenerate when monsters are visible.]
[You are very weak. (Str -4)]


Message History

The Executioner hits you!
The Executioner hits you but does no damage.
The Executioner hits you. The Executioner hits you!
* * * LOW HITPOINT WARNING * * *
The Executioner hits you.
* * * LOW HITPOINT WARNING * * *
The Executioner hits you but does no damage.
A large abomination comes into view.
The Executioner hits you!
* * * LOW HITPOINT WARNING * * *
The Executioner hits you!
* * * LOW HITPOINT WARNING * * *
The Executioner hits you but does no damage.
The Executioner hits you!!
* * * LOW HITPOINT WARNING * * *
The Executioner hits you.
* * * LOW HITPOINT WARNING * * *
The Executioner hits you but does no damage. x2
The Executioner hits you.
You die...

#. ... .#. . . #.# #.#
## ###X###.#### #
#.#.....##.#..#.#
...###...#.#....#
#....#...1@.#
#...#.....## #.
#....##.....# ######.
..#.5.....# ..
......#........... . ..
............##.. .
........*#..#....#..# .
.........##....X.....
..
........###............
..


You could see a wretched star, an Executioner (fast), a large abomination and an
iron imp.

Vanquished Creatures
  An ancient lich (Abyss:4)
  A juggernaut (Depths:4)
  Bai Suzhen (Snake:3)
  Margery (Vaults:2)
  Nikola (Snake:2)
  A golden dragon (Depths:2)
  4 tentacled monstrosities
  A hellephant (Abyss:1)
  3 liches
  Asterion (Snake:2)
  A titan (Depths:3)
  Gastronok (D:8)
  An Executioner (Abyss:4)
  4 tentacled starspawn
  A draconian monk (Abyss:4)
  2 sphinxes
  Roxanne (Swamp:1)
  7 thorn hunters
  A shadow dragon (Depths:2)
  A storm dragon (Vaults:4)
  A revenant (Abyss:3)
  13 nagarajas (Snake:4)
  2 deep elf sorcerers
  Louise (Swamp:3)
  The ghost of p0werm0de the Warrior, a journeyman MiFi of Ru (Swamp:4)
  7 fire giants
  9 frost giants
  An orc warlord (Vaults:4)
  19 vault wardens
  The ghost of Torious the Devastator, a journeyman DECj of Sif Muna (Swamp:4)
  A spriggan defender (Depths:3)
  A ghoul (Vaults:3)
  9 ironheart preservers
  An angel (Abyss:3)
  An entropy weaver (Vaults:3)
  12 stone giants
  2 reapers
  3 very ugly things
  3 vampire knights
  5 deep elf demonologists
  Nessos (D:14)
  2 white draconians (Depths:5)
  2 deep elf annihilators
  A purple draconian (Depths:5)
  2 spark wasps (Depths:1)
  A deep elf death mage (Vaults:2)
  Snorg (D:11)
  A green death (Abyss:3)
  11 fire dragons
  A blizzard demon (Abyss:1)
  17 ettins
  14 vault guards
  7 rakshasas
  4 great orbs of eyes
  Fannar (Lair:2)
  A quicksilver dragon skeleton (Depths:2)
  10 yaktaur captains
  2 caustic shrike simulacra
  11 ice dragons
  7 centaur warriors
  33 hydras
  5 spriggan air magi
  2 ghost crabs
  25 naga warriors
  6 catoblepae
  2 shambling mangroves (Swamp:3)
  5 anacondas
  3 death knights
  46 two-headed ogres
  A merfolk avatar (Swamp:2)
  5 dancing weapons (Elf:2)
  3 death yaks (Depths:4)
  13 ogre magi
  2 deep troll shamans (Depths:4)
  9 deep troll earth magi
  3 vampire magi
  A titan zombie (Depths:3)
  16 alligators
  5 tengu warriors
  9 shock serpents
  5 orc high priests
  A storm dragon zombie (Vaults:1)
  21 naga sharpshooters
  7 spriggan berserkers
  7 thrashing horrors
  2 sun demons (Depths:1)
  4 soul eaters
  A skeletal warrior (D:15)
  5 wretched stars
  A salamander mystic (Depths:2)
  4 unseen horrors
  14 deep elf knights
  A spatial maelstrom (Abyss:4)
  A shadow wraith (Vaults:3)
  2 death drakes
  7 naga ritualists
  2 shadow demons
  2 spriggan druids (Swamp:4)
  10 swamp dragons
  14 hell knights
  4 flayed ghosts
  12 deep trolls
  5 glowing orange brains
  7 starcursed masses
  7 lindwurms
  17 ironbrand convokers
  21 deep elf archers
  5 wizards
  2 phantasmal warriors (Depths:1)
  8 necromancers
  An anaconda skeleton (Abyss:3)
  A golden dragon skeleton (Depths:3)
  9 mana vipers
  28 orc knights
  7 oklob plants
  A sphinx skeleton (Depths:3)
  60 deep elf magi
  8 cyclopes
  A tengu skeleton (Depths:2)
  An iron dragon zombie (Depths:3)
  6 orc sorcerers
  14 salamanders
  4 wolf spiders
  45 ugly things
  6 worldbinders (Abyss:3)
  11 large abominations
  6 manticores
  16 vault sentinels
  3 rust devils
  A black mamba (shapeshifter) (D:15)
  An apocalypse crab (Abyss:3)
  A stone giant skeleton (Depths:1)
  27 black mambas
  6 guardian serpents
  A guardian serpent (shapeshifter) (Elf:2)
  A titan simulacrum (Depths:1)
  5 smoke demons
  2 molten gargoyles (Lair:6)
  A gargoyle (D:13)
  19 naga magi
  2 orange demons
  2 spriggan zombies
  A torpor snail (Lair:2)
  2 efreet
  17 cane toads
  3 hellions
  A demonic crawler (Abyss:2)
  3 rime drakes
  48 yaktaurs
  2 tengu conjurers (Depths:5)
  7 komodo dragons
  2 freezing wraiths
  4 hellwings
  2 ice devils
  5 ancient zymes (Abyss:3)
  5 red devils
  A queen bee (D:11)
  10 trolls
  A troll (shapeshifter) (Elf:2)
  2 wind drakes (Depths:5)
  8 bog bodies
  20 hornets
  2 meliai zombies
  10 tyrant leeches
  13 hippogriffs
  An ice dragon zombie (D:15)
  2 human simulacra
  49 slime creatures
  12 blink frogs
  5 raiju
  An air elemental (Elf:1)
  2 spriggan skeletons
  6 ynoxinuls
  9 spriggans
  A shadow (D:14)
  2 vampires (D:13)
  10 wyverns
  3 wraiths
  A human (shapeshifter) (Abyss:3)
  A hog (shapeshifter) (Vaults:1)
  A wyvern (shapeshifter) (Depths:5)
  A basilisk (shapeshifter) (Depths:5)
  3 fire elementals
  A fire bat (Abyss:3)
  27 yaks
  6 basilisks
  2 neqoxecs
  4 steam dragons
  4 wargs
  8 vampire mosquitoes
  A soldier ant (D:13)
  16 swamp worms
  80 nagas
  A soldier ant (shapeshifter) (Depths:1)
  3 acid dragons
  11 porcupines
  3 hell hounds (Lair:6)
  12 water moccasins
  12 swamp drakes
  60 orc warriors
  2 black bears
  7 ice beasts
  A sky beast (shapeshifter) (Abyss:1)
  An eye of draining (D:11)
  4 sky beasts
  5 phantoms
  An ice dragon simulacrum (Abyss:3)
  3 necrophages
  2 wolves (D:9)
  40 ogres
  11 boggarts
  A tengu (shapeshifter) (Vaults:3)
  11 centaurs
  An orc skeleton (Vaults:1)
  18 small abominations
  12 crocodiles
  A human skeleton (Vaults:1)
  2 big kobolds
  A yaktaur zombie (D:15)
  2 earth elementals
  29 bullfrogs
  2 glowing shapeshifter simulacra
  A wyvern skeleton (D:14)
  4 scorpions
  28 killer bees
  10 electric eels
  9 wights
  3 lava snakes (Lair:6)
  7 centaur zombies
  7 crimson imps
  3 bullfrog zombies
  The ghost of Gruesome the Sneak, a weakling VSBr (D:3)
  2 quasits
  A bullfrog skeleton (D:13)
  2 iron imps (Depths:1)
  13 hounds
  3 jellies
  30 orc priests
  6 centaur skeletons
  35 orc wizards
  Ijyb (D:4)
  2 iguanas
  2 hell rats (Lair:4)
  11 worker ants
  2 hound skeletons
  2 worker ant zombies (D:11)
  A howler monkey skeleton (D:11)
  9 adders
  A gnoll (D:8)
  9 river rats (Lair:4)
  6 white imps
  5 ufetubi
  An adder zombie (D:8)
  4 worms
  3 dart slugs
  8 leopard geckos
  106 orcs
  2 ball pythons (D:2)
  10 giant cockroaches
  14 hobgoblins
  11 jackals
  17 kobolds
  8 quokkas
  10 bats
  5 frilled lizards
  13 goblins
  A leopard gecko skeleton (D:5)
  A quokka zombie (D:8)
  5 rats
  A lurking horror (Abyss:4)
  2 starspawn tentacles (Abyss:3)
2040 creatures vanquished.

Vanquished Creatures (collateral kills)
  An orc warlord (Orc:2)
  A vault guard (Vaults:4)
  2 two-headed ogres (Vaults:2)
  2 hell knights
  A skeletal warrior (D:15)
  A yaktaur zombie (D:15)
8 creatures vanquished.

Vanquished Creatures (others)
  An ironbrand convoker (Vaults:4)
  A yaktaur (Vaults:2)
  A slime creature (Swamp:3)
  A chaos spawn (Abyss:4)
  A boggart (Depths:3)
  An orc priest (Vaults:2)
  2 river rats (Lair:4)
  A white imp (Abyss:3)
  An ufetubus (D:10)
  An orc (D:9)
  7 fulminant prisms (Swamp:3)
  44 fungi
  40 plants
  8 starspawn tentacles
  A withered plant (D:15)
111 creatures vanquished.

Grand Total: 2159 creatures vanquished

Notes
Turn   | Place    | Note
-------+----------+-------------------------------------------
     0 | D:1      | tilp the Spriggan Enchanter began the quest for the Orb.
     0 | D:1      | Reached XP level 1. HP: 9/9 MP: 5/5
  1476 | D:1      | Reached skill level 5 in Stealth
  1476 | D:1      | Reached XP level 2. HP: 13/13 MP: 6/6
  1480 | D:1      | Learned a level 2 spell: Ensorcelled Hibernation
  2055 | D:1      | Reached XP level 3. HP: 6/16 MP: 0/8
  2489 | D:1      | Learned a level 3 spell: Confusing Touch
  3352 | D:2      | Reached XP level 4. HP: 21/21 MP: 6/9
  4071 | D:3      | Found a runed translucent gate.
  4071 | D:3      | Found a runed translucent gate.
  4071 | D:3      | Found a runed translucent gate.
  4072 | D:3      | Noticed Gruesome's ghost (weakling VSBr)
  4073 | D:3      | Noticed a hippogriff
  4829 | D:3      | Reached XP level 5. HP: 24/24 MP: 5/10
  5072 | D:3      | Noticed a sky beast
  5079 | D:3      | Killed a sky beast
  5079 | D:3      | Reached skill level 5 in Short Blades
  5079 | D:3      | Reached XP level 6. HP: 28/28 MP: 11/11
  5084 | D:3      | Learned a level 3 spell: Tukima's Dance
  6248 | D:4      | Noticed Ijyb
  6253 | D:4      | Killed Ijyb
  6524 | D:4      | Reached skill level 5 in Hexes
  6524 | D:4      | Reached XP level 7. HP: 25/32 MP: 3/14
  6910 | D:4      | Reached skill level 1 in Evocations
  7041 | D:5      | Entered Level 5 of the Dungeon
  7099 | D:5      | Found a radiant altar of Vehumet.
  7176 | D:5      | Reached XP level 8. HP: 36/36 MP: 15/15
  7242 | D:5      | You fall into a shaft and drop 3 floors!
  7273 | D:8      | Reached skill level 1 in Fighting
  7522 | D:8      | Reached skill level 4 in Dodging
  7555 | D:8      | Reached skill level 5 in Dodging
  7684 | D:7      | Found a staircase to the Ecumenical Temple.
  7693 | Temple   | Entered the Ecumenical Temple
  8019 | Temple   | Became a worshipper of Dithmenos the Shadowed
  8509 | D:5      | Reached skill level 6 in Dodging
  8657 | D:5      | Learned a level 3 spell: Dazzling Flash
  8767 | D:5      | Found a hazy altar of Hepliaklqana.
  8768 | D:5      | Found a shimmering blue altar of Sif Muna.
  9109 | D:6      | Reached skill level 7 in Dodging
  9228 | D:6      | Reached skill level 8 in Dodging
  9317 | D:6      | Reached XP level 9. HP: 44/44 MP: 13/16
  9960 | D:7      | Reached skill level 1 in Invocations
  9996 | D:7      | Reached skill level 1 in Conjurations
 10146 | D:7      | Reached * piety under Dithmenos
 10194 | D:7      | Reached skill level 5 in Evocations
 11025 | D:8      | Reached ** piety under Dithmenos
 11302 | D:8      | Reached skill level 10 in Stealth
 11585 | D:8      | Reached XP level 10. HP: 49/49 MP: 14/17
 11763 | D:8      | Found a broken altar of Ashenzari.
 12278 | D:9      | Found a glowing golden altar of the Shining One.
 12310 | D:9      | Found a staircase to the Lair.
 12776 | D:9      | Reached *** piety under Dithmenos
 12928 | D:8      | Noticed Gastronok
 13735 | D:8      | Found an iron altar of Okawaru.
 13801 | D:8      | Killed Gastronok
 13801 | D:8      | Reached XP level 11. HP: 45/52 MP: 17/19
 13898 | D:10     | Entered Level 10 of the Dungeon
 13898 | D:10     | Noticed a two-headed ogre
 13906 | D:10     | Noticed a two-headed ogre
 14011 | D:10     | Reached skill level 5 in Spellcasting
 14194 | D:10     | Killed a two-headed ogre
 14194 | D:10     | Reached skill level 9 in Dodging
 14336 | D:10     | Killed a two-headed ogre
 14336 | D:10     | Reached skill level 5 in Invocations
 14852 | D:11     | Noticed a two-headed ogre
 14857 | D:11     | Killed a two-headed ogre
 15048 | D:11     | Reached **** piety under Dithmenos
 15086 | D:11     | Noticed Snorg
 15089 | D:11     | Noticed a two-headed ogre
 15109 | D:11     | Killed a two-headed ogre
 15129 | D:11     | Killed Snorg
 15250 | D:11     | Noticed an unseen horror
 15259 | D:11     | Killed an unseen horror
 15613 | D:11     | Reached skill level 10 in Dodging
 15890 | D:11     | Noticed a five-headed hydra
 15933 | D:11     | Killed a five-headed hydra
 15933 | D:11     | Reached XP level 12. HP: 58/58 MP: 4/22
 16577 | D:11     | Reached skill level 5 in Fighting
 17113 | D:12     | Noticed a four-headed hydra
 17116 | D:12     | Killed a four-headed hydra
 17116 | D:12     | Reached skill level 10 in Hexes
 17157 | D:12     | Found Areanauf's Assorted Antiques.
 17183 | D:12     | Reached skill level 11 in Dodging
 17185 | D:12     | Found Modism's Weapon Shoppe.
 17189 | D:12     | Found a staircase to the Orcish Mines.
 17313 | D:12     | Noticed a centaur warrior
 17322 | D:12     | Killed a centaur warrior
 17570 | D:12     | Reached skill level 10 in Short Blades
 18001 | D:3      | Killed Gruesome's ghost
 18226 | D:12     | Bought a scroll labeled WADEORPHUOM for 23 gold pieces
 18297 | Lair:1   | Entered Level 1 of the Lair of Beasts
 19157 | Lair:2   | Found a staircase to the Snake Pit.
 19168 | Lair:2   | Reached ***** piety under Dithmenos
 19557 | Lair:2   | Noticed Fannar
 19572 | Lair:2   | Killed Fannar
 19604 | Lair:2   | Reached skill level 12 in Dodging
 19604 | Lair:2   | Reached skill level 15 in Stealth
 20280 | Lair:2   | Reached XP level 13. HP: 65/65 MP: 20/23
 20764 | Lair:2   | Identified a scroll of acquirement
 20764 | Lair:2   | Acquired a +4 quick blade
 20863 | Lair:3   | Reached skill level 13 in Dodging
 21374 | Lair:3   | Reached skill level 14 in Dodging
 22394 | Lair:4   | Reached skill level 15 in Dodging
 22698 | Lair:4   | Found a staircase to the Swamp.
 23421 | Lair:5   | Found a staircase to the Slime Pits.
 23422 | Lair:5   | Found a viscous altar of Jiyva.
 23652 | Lair:5   | Found a broken altar of Ashenzari.
 23852 | Lair:5   | Reached skill level 1 in Shields
 24107 | Lair:6   | Entered Level 6 of the Lair of Beasts
 24585 | Lair:6   | Reached XP level 14. HP: 70/70 MP: 19/24
 25520 | Lair:6   | Found a large runed translucent door.
 25555 | Lair:6   | Reached skill level 10 in Evocations
 25722 | Lair:6   | Found a large runed translucent door.
 26707 | Orc:1    | Entered Level 1 of the Orcish Mines
 27690 | Orc:2    | Entered Level 2 of the Orcish Mines
 27690 | Orc:2    | Found a runed translucent door.
 27824 | Orc:2    | Reached ****** piety under Dithmenos
 27956 | Orc:2    | Found Darong's General Store.
 28066 | Orc:2    | Found the +10 tower shield of Ignorance {rN+ Int-4}
 28700 | Orc:2    | Noticed an orc warlord
 28849 | Orc:2    | Killed an orc warlord
 29050 | Orc:2    | Found Jagul's Jewellery Shoppe.
 29246 | Orc:2    | Found a runed translucent door.
 29259 | Orc:2    | Found Yveih's Antique Weapon Emporium.
 29260 | Orc:2    | Found Jipsaof's Antique Armour Emporium.
 29567 | Orc:2    | Found a staircase to the Elven Halls.
 29704 | Orc:2    | Bought a potion of ambrosia for 128 gold pieces
 29789 | Orc:2    | Bought an uncursed ring of poison resistance for 300 gold
                  | pieces
 29872 | D:13     | Found a radiant altar of Vehumet.
 29883 | D:13     | Acquired a manual of Earth Magic
 30079 | D:13     | Noticed a frost giant
 30725 | D:13     | Killed a frost giant
 30725 | D:13     | Reached XP level 15. HP: 60/79 MP: 23/25
 31558 | D:13     | Found a gate to the Vaults.
 31572 | D:13     | Reached skill level 10 in Fighting
 31692 | D:13     | Identified the +2 robe of the Game of Kings {rF+ Str-2
                  | SInv} (You found it on level 13 of the Dungeon)
 32568 | D:14     | Got a fine dagger
 32569 | D:14     | Identified the +4 dagger of Trial by Ordeal {vorpal, rElec
                  | Dex-3 Stlth+} (You found it on level 14 of the Dungeon)
 32743 | D:14     | Noticed Nessos
 32745 | D:14     | Killed Nessos
 33206 | D:15     | Entered Level 15 of the Dungeon
 33681 | D:15     | Found a staircase to the Depths.
 34027 | D:15     | Acquired the ring of Miethic {rC+ Int+4 SInv}
 34032 | D:15     | Acquired a manual of Dodging
 34228 | D:15     | Found an opulent altar of Gozag.
 34597 | D:15     | Learned a level 4 spell: Cause Fear
 34817 | Snake:1  | Entered Level 1 of the Snake Pit
 34850 | Snake:1  | Found Maycvomid's General Store.
 34865 | Snake:1  | Reached skill level 16 in Dodging
 34975 | Snake:1  | You fall into a shaft and drop 1 floor!
 35124 | Snake:2  | Reached skill level 17 in Dodging
 35570 | Snake:1  | Learned a level 2 spell: Slow
 35875 | Snake:1  | Reached skill level 18 in Dodging
 36052 | Snake:1  | Reached XP level 16. HP: 87/88 MP: 22/26
 36208 | Snake:1  | Reached skill level 19 in Dodging
 37488 | Snake:1  | Reached skill level 20 in Dodging
 38310 | Snake:2  | Noticed Asterion
 38552 | Snake:2  | Reached skill level 21 in Dodging
 39200 | Snake:2  | Killed Asterion
 41329 | Snake:2  | Noticed Nikola
 41335 | Snake:2  | Killed Nikola
 41426 | Snake:2  | Reached skill level 22 in Dodging
 41650 | Snake:3  | Learned a level 4 spell: Fulminant Prism
 41655 | Snake:3  | Learned a level 4 spell: Iskenderun's Mystic Blast
 41874 | Snake:3  | Noticed Bai Suzhen
 42441 | Snake:3  | Killed Bai Suzhen
 42652 | Snake:4  | Entered Level 4 of the Snake Pit
 43489 | Swamp:1  | Entered Level 1 of the Swamp
 43527 | Swamp:1  | Reached XP level 17. HP: 87/95 MP: 21/28
 43706 | Swamp:1  | Noticed Roxanne
 43722 | Swamp:1  | Killed Roxanne
 43745 | Swamp:1  | Reached skill level 5 in Conjurations
 44004 | Swamp:1  | Learned a level 5 spell: Bolt of Magma
 44131 | Swamp:1  | Reached skill level 1 in Earth Magic
 44309 | Swamp:1  | Reached skill level 1 in Fire Magic
 46072 | Swamp:3  | Reached skill level 5 in Earth Magic
 46325 | Swamp:3  | Noticed Louise
 46328 | Swamp:3  | Killed Louise
 47462 | Swamp:4  | Entered Level 4 of the Swamp
 47637 | Swamp:4  | Reached skill level 10 in Earth Magic
 47932 | Swamp:4  | Found a runed translucent gate.
 47934 | Swamp:4  | Found a runed translucent gate.
 47934 | Swamp:4  | Found a runed translucent gate.
 47936 | Swamp:4  | Noticed Torious's ghost (journeyman DECj)
 47936 | Swamp:4  | Noticed p0werm0de's ghost (journeyman MiFi)
 47943 | Swamp:4  | Killed Torious's ghost
 47945 | Swamp:4  | Killed p0werm0de's ghost
 48909 | Swamp:4  | Reached XP level 18. HP: 91/100 MP: 21/31
 49664 | Swamp:4  | Got a decaying rune of Zot
 51062 | Snake:4  | Reached skill level 10 in Spellcasting
 51076 | Snake:4  | Learned a level 6 spell: Iron Shot
 54693 | Snake:4  | Got a serpentine rune of Zot
 55016 | Orc:2    | Bought an uncursed ring of protection from magic for 375
                  | gold pieces
 55218 | Snake:1  | Bought a scroll of enchant weapon for 105 gold pieces
 55434 | Vaults:1 | Entered Level 1 of the Vaults
 55815 | Vaults:1 | Reached XP level 19. HP: 83/104 MP: 26/34
 58511 | Vaults:1 | Reached skill level 5 in Fire Magic
 60813 | Vaults:1 | Found Icredigo's Weapon Shoppe.
 62118 | Vaults:2 | Noticed Margery
 62130 | Vaults:2 | Killed Margery
 62476 | Vaults:2 | Reached XP level 20. HP: 109/109 MP: 8/36
 63190 | Vaults:2 | Reached skill level 10 in Invocations
 64058 | Vaults:2 | Noticed Mara
 64478 | Vaults:3 | Found a flickering gateway to a bazaar.
 64501 | Bazaar   | Entered a bazaar
 64527 | Bazaar   | Found Emniadow's Weapon Emporium.
 64542 | Bazaar   | Found Maddat's Magic Scroll Shoppe.
 64557 | Bazaar   | Found Xurchiazxog's Antique Armour Shoppe.
 64557 | Bazaar   | Found Orovet's Antique Weapon Emporium.
 64626 | Bazaar   | Bought 5 atropa-tipped darts for 21 gold pieces
 64626 | Bazaar   | Bought 4 atropa-tipped darts for 16 gold pieces
 64640 | Bazaar   | Bought a scroll of identify for 26 gold pieces
 64640 | Bazaar   | Bought a scroll of teleportation for 39 gold pieces
 64640 | Bazaar   | Bought a scroll of identify for 26 gold pieces
 64640 | Bazaar   | Bought a scroll of identify for 26 gold pieces
 64640 | Bazaar   | Bought a scroll of identify for 26 gold pieces
 64640 | Bazaar   | Bought a scroll of identify for 26 gold pieces
 64640 | Bazaar   | Bought a scroll of identify for 26 gold pieces
 64640 | Bazaar   | Bought a scroll of identify for 26 gold pieces
 64640 | Bazaar   | Bought a scroll of amnesia for 45 gold pieces
 64640 | Bazaar   | Bought a scroll of identify for 26 gold pieces
 64640 | Bazaar   | Bought a scroll of identify for 26 gold pieces
 64640 | Bazaar   | Bought a scroll of amnesia for 45 gold pieces
 65586 | Vaults:3 | Reached skill level 15 in Hexes
 65763 | Vaults:3 | Found a staircase to the Crypt.
 65970 | Vaults:3 | Identified the +6 mace "Kugeguk" {freeze, Fragile Str+4
                  | Int+2}
 66212 | Vaults:3 | Reached skill level 10 in Conjurations
 66215 | Vaults:3 | Reached skill level 15 in Evocations
 68814 | Vaults:4 | Reached skill level 15 in Earth Magic
 69209 | Vaults:4 | Reached XP level 21. HP: 104/113 MP: 31/38
 69277 | Vaults:4 | Found a roughly hewn altar of Beogh.
 69359 | Vaults:4 | Found Emamoh's Book Emporium.
 69561 | Vaults:4 | Bought a book of Misfortune for 280 gold pieces
 69561 | Vaults:4 | Bought a book of Minor Magic for 280 gold pieces
 69561 | Vaults:4 | Bought a book of Hexes for 700 gold pieces
 69564 | Vaults:4 | Learned a level 2 spell: Blink
 69570 | Vaults:4 | Learned a level 5 spell: Yara's Violent Unravelling
 69660 | Vaults:4 | Reached skill level 1 in Translocations
 69660 | Vaults:4 | Reached skill level 1 in Transmutations
 70971 | Vaults:4 | Learned a level 4 spell: Petrify
 70977 | Vaults:4 | Learned a level 5 spell: Silence
 71188 | Elf:1    | Entered Level 1 of the Elven Halls
 72805 | Elf:1    | Identified the Catalogue of Battle Magic
 73104 | Elf:2    | Reached skill level 1 in Air Magic
 73423 | Elf:2    | Reached skill level 15 in Spellcasting
 74071 | Elf:2    | Found Noag's Gadget Boutique.
 74156 | Elf:2    | Found a huge runed translucent gate.
 74156 | Elf:2    | Found a huge runed translucent gate.
 74156 | Elf:2    | Found a huge runed translucent gate.
 74156 | Elf:2    | Found a huge runed translucent gate.
 74156 | Elf:2    | Found a huge runed translucent gate.
 74560 | Depths:1 | Entered Level 1 of the Depths
 74565 | Depths:1 | Found a flickering gateway to a bazaar.
 74588 | Bazaar   | Entered a bazaar
 74588 | Bazaar   | Found Virauw's Antique Weapon Shoppe.
 74588 | Bazaar   | Found Doqoyj's Gadget Shoppe.
 74588 | Bazaar   | Found Hyrousoqio's Armour Emporium.
 74588 | Bazaar   | Found Yruequel's Distillery.
 74614 | Bazaar   | Bought a potion of curing for 39 gold pieces
 74614 | Bazaar   | Bought a potion of curing for 39 gold pieces
 74614 | Bazaar   | Bought a potion of cancellation for 104 gold pieces
 74614 | Bazaar   | Bought a potion of heal wounds for 65 gold pieces
 76202 | Depths:1 | Found a runed translucent door.
 76355 | Depths:1 | Found a broken altar of Ashenzari.
 76658 | Depths:1 | Reached XP level 22. HP: 92/118 MP: 22/42
 77034 | Depths:1 | Found a gateway to Hell.
 78618 | Depths:2 | Found a one-way gate to the infinite horrors of the Abyss.
 80416 | Depths:3 | Found a gateway to a ziggurat.
 82136 | Depths:3 | Found a one-way gate leading to the halls of Pandemonium.
 82650 | Depths:2 | Noticed a golden dragon
 82652 | Depths:2 | Killed a golden dragon
 83280 | Depths:4 | Noticed Mennas
 83738 | Depths:4 | Reached XP level 23. HP: 67/125 MP: 22/43
 85367 | Depths:4 | Noticed a juggernaut
 85882 | Depths:4 | Killed a juggernaut
 86005 | Depths:4 | Identified the ring "Punwosoe" {Wiz rPois rF+ rC- Dex+4}
                  | (You found it on level 4 of the Depths)
 86218 | Depths:5 | Entered Level 5 of the Depths
 86241 | Depths:5 | Reached skill level 15 in Fighting
 86937 | Depths:5 | Found Ippafec's Antique Armour Shoppe.
 86939 | Depths:5 | Found Jomma's Distillery.
 86939 | Depths:5 | Found Ecvavit's Magic Scroll Shoppe.
 86942 | Depths:5 | Found Ragok's Book Emporium.
 86950 | Depths:5 | Bought a book of Burglary for 1050 gold pieces
 86956 | Depths:5 | Bought a scroll of enchant weapon for 187 gold pieces
 86963 | Depths:5 | Bought a potion of haste for 230 gold pieces
 86963 | Depths:5 | Bought a potion of haste for 230 gold pieces
 86963 | Depths:5 | Bought a potion of resistance for 230 gold pieces
 86963 | Depths:5 | Bought a potion of cancellation for 184 gold pieces
 87144 | Depths:5 | Found a runed translucent door.
 87211 | Depths:5 | Identified the +4 broad axe of the Lurker {pain, rElec
                  | Int-2 Dex+2}
 87698 | Depths:2 | Voluntarily entered the Abyss.
 87826 | Abyss:2  | Found a hide-covered altar of Uskayaw.
 88071 | Abyss:2  | Found a corrupted altar of Lugonu.
 88665 | Abyss:3  | Lost strength.
 89001 | Abyss:3  | Found a snail-covered altar of Cheibriados.
 89671 | Abyss:3  | Noticed an ancient lich
 89729 | Abyss:3  | HP: 2/126 [revenant/ghostly fireball (48)]
 90225 | Abyss:4  | Paralysed by accursed screaming for 2 turns
 90228 | Abyss:4  | Found a corrupted altar of Lugonu.
 90700 | Abyss:4  | Found a runed translucent door.
 90746 | Abyss:4  | Noticed an ancient lich
 90753 | Abyss:4  | Killed an ancient lich
 90911 | Depths:2 | Escaped the Abyss
 91045 | Depths:2 | Voluntarily entered the Abyss.
 91052 | Abyss:1  | Reached skill level 15 in Conjurations
 91104 | Abyss:1  | Lost strength.
 91106 | Abyss:1  | HP: 4/126 [Executioner (3)]
 91106 | Abyss:1  | Slain by an Executioner

Illustrated notes

Levels and vault maps discovered:
D:1:      onia_arrival_pentagram, layout_basic
D:2:      layout_basic, interstate_on_off
D:3:      minmay_skewed_foursquare, layout_basic, gammafunk_ghost_split,
          grunt_decor_arrowhead
D:4:      layout_rooms, uniq_ijyb
D:5:      layout_gridville, old_standard_altar, gammafunk_temple_overflow_pools
D:6:      layout_cave_pods, minmay_misc_feat_x
D:7:      layout_loops_cross, minmay_temple_entry_junction, serial_glass,
          glass_columns_a, glass_columns_a
D:8:      kennysheep_windowed_halls, layout_loops_cross, kennysheep_mini_moat,
          okawaru_metal_pillars_3, uniq_gastronok
D:9:      layout_small_grid, erik_lair_island, nicolae_tso_carved_into_rock
D:10:     layout_rooms
D:11:     regret_index_combs_of_tragedy, layout_basic, bh_walls_and_bars,
          uniq_snorg
D:12:     layout_irregular_city, orc_david_3, serial_shops, shop,
          serial_column_ruins, column_ruins_square_medium, column_ruins_hut,
          column_ruins_open_medium, column_ruins_corridor_corner,
          column_ruins_corridor_T, column_ruins_columns_straight,
          column_ruins_grid_1
D:13:     layout_loops_ring, david_vaults_5, basic_altar, minmay_evil_grid
D:14:     layout_irregular_city, uniq_nessos
D:15:     gammafunk_depths_entry_grave, layout_cave_pools,
          nicolae_gozag_cash_rules_everything_around_me, drop_trap
Temple:   hc_temple_tempest_star
Lair:1:   layout_gridlike, serial_bayou, serial_bayou_lake_a,
          serial_bayou_ford_a, serial_bayou_shore_b, serial_bayou_lagoon_a,
          minmay_lair_oklob_bushes, nicolae_quartered_pool_little,
          minmay_stone_trees_medium
Lair:2:   layout_cave_pods, minmay_snake_entry_guardpost_small,
          lemuel_fruit_tree, uniq_fannar
Lair:3:   layout_chaotic_city, serial_bayou_shore_a, lemuel_fruit_fields
Lair:4:   layout_long_grid, palyth_hydra_swamp_entry, kennysheep_rathole
Lair:5:   layout_roguey, slime_altar_1, basic_altar
Lair:6:   cheibrodos_lair_end_hotspot, layout_regular_city,
          chequers_serial_rivers_micro_b
Swamp:1:  layout_basic_swamp, hangedman_swamp_pad, uniq_roxanne
Swamp:2:  layout_basic_swamp, hangedman_swamp_blocks, grunt_lady_of_the_lake
Swamp:3:  nicolae_swamp_phyte_club, layout_basic_swamp,
          evilmike_swamp_ruin_rubble_1, uniq_louise
Swamp:4:  swamp_basic_johnstein, layout_basic_swamp, gammafunk_ghost_cemetery,
          infiniplex_staircase_pool
Snake:1:  dpeg_oklob_gauntlet, layout_layer_cave, serial_shops, shop,
          nicolae_snake_salamander_stairs
Snake:2:  layout_onion, grunt_megastairs_2, uniq_nikola, uniq_asterion
Snake:3:  layout_layer_cave, st_stairs_4, uniq_bai_suzhen
Snake:4:  grunt_snake_rune_spirals, layout_onion
Orc:1:    layout_caves
Orc:2:    grunt_orc_gardens, layout_caves, grunt_orc_garden, grunt_orc_garden,
          grunt_orc_garden, grunt_orc_garden, chequers_guarded_unrand_ignorance
Elf:1:    eino_elf_arrival_shootout, layout_geoelf_grid, minmay_elf_sorcery,
          grunt_ministairs_4, minmay_misc_feat_columns
Elf:2:    layout_gridlike, serial_shops, shop, nrook_mini_backslash
Vaults:1: kb_rosetta, ontoclasm_vaults_twist, vaults_room_pools,
          vaults_room_mumra_shop_pool, hangedman_vaults_restitches,
          vaults_mumra_minichess_inversion, v_misc_23,
          nicolae_vaults_ring_of_whatevers, v_misc_3, hangedman_vaults_maws,
          v_misc_2, v_rooms_5, vaults_dpeg_ring, layout_vaults_omnigrid
Vaults:2: v_misc_10, v_alt_pattern_6, nicolae_vaults_network_quincunx
          [nicolae_vaults_network_quincunx_subvault,
          nicolae_vaults_network_quincunx_subvault,
          nicolae_vaults_network_quincunx_subvault,
          nicolae_vaults_network_quincunx_subvault,
          nicolae_vaults_network_quincunx_subvault],
          kennysheep_vaults_gozag_temple, nicolae_vaults_circle_grid_a,
          v_rooms_3, v_alt_pattern_3, vaults_room_grid, v_misc_3,
          ontoclasm_vaults_decontamination, v_pattern_4, nicolae_vaults_theta,
          layout_vaults_omnibox, uniq_mara, uniq_margery
Vaults:3: vaults_mumra_minichess, hangedman_vaults_restitches, v_misc_25,
          nicolae_vaults_murderbox, minmay_crypt_entry_simple_statues,
          v_pattern_1, ontoclasm_vaults_shuriken, grunt_vaults_swirl,
          v_alt_pattern_2, vaults_dpeg_cross, ontoclasm_vaults_ring_square,
          nicolae_vaults_angled_halls, layout_vaults_omnicross, serial_shops,
          bzr_entry_lakeside
Vaults:4: v_misc_16, hangedman_vaults_corner_blocks, vaults_room_door_ring,
          vaults_mumra_hex, v_alt_pattern_1, hangedman_vaults_snaps,
          v_pattern_3, grunt_vaults_twisty, v_misc_11, special_room_vaults
          [special_room_orc], vaults_room_fours, ontoclasm_vaults_gateway,
          layout_vaults_chaotic_city, serial_shops, shop
Depths:1: layout_cave_shapes, serial_shops, bzr_entry_islet, ashenzari_altar_1,
          grunt_hell_entry_demonic_statue, serial_co_window_serial,
          co_window_paths_a, co_window_corner_a, co_window_corner_a,
          co_window_paths_a, co_window_paths_a, co_window_unsneaky_path_b,
          co_window_2corner, co_window_unsneaky_path_c,
          co_window_unsneaky_path_d, glass_columns_a, glass_columns_a,
          glass_columns_a, hangedman_decor_growths, minmay_crystal_box
Depths:2: minmay_inside_and_out, layout_cave_shapes, hex_medium, abyss_entry,
          hellmouth_1, minmay_misc_feat_ornament, infiniplex_staircase_pool_1
Depths:3: hangedman_cross_veins, layout_gridville, enter_ziggurat_c,
          glass_columns_a, pf_coc_iceberg, rand_demon_pan_entry_4,
          kennysheep_cross_bottleneck
Depths:4: giant_chief_lemuel, layout_gridlike, pan_entry, abyss_entry,
          serial_sigils_hangedman_stare, hell_entry, nicolae_wwwww,
          kennysheep_potato, uniq_mennas
Depths:5: lemuel_castle_with_subvaults [lemuel_castle_interior_carwin_3],
          layout_small_grid, minmay_misc_feat_secret_circle, hell_entry,
          lightli_giant_bouncers, minmay_shoptagon
Abyss:1:  base: D:14, base:
Lair:4

Skill      XL: |  1  2  3  4  5  6  7  8  9 10 11 12 13 14 15 16 17 18 19 20 21 22 23 |
---------------+----------------------------------------------------------------------+-----
Stealth        | 5 6 7 8 10 12 13 15 16 | 16.0
Short Blades   | 2 3 5 6 8 9 10 | 10.0
Spellcasting   | 4 6 7 8 10 11 12 15 | 15.0
Hexes          | 5 7 8 9 10 12 13 14 15 16 18 | 18.0
Evocations     | 4 6 8 9 12 13 15 | 15.0
Fighting       | 3 4 6 9 12 13 14 15 | 15.0
Dodging        | 8 10 12 15 18 22 | 22.0
Invocations    | 4 5 6 7 8 9 10 | 10.0
Conjurations   | 2 3 4 6 8 9 10 12 13 15 | 15.0
Shields        | 2 4 |  4.0
Earth Magic    | 11 12 15 | 15.0
Fire Magic     | 4 5 6 |  6.0
Translocations | 4 |  4.0
Transmutations | 4 |  4.0
Air Magic      | 2 |  2.0

Action                   |  1- 3 |  4- 6 |  7- 9 | 10-12 | 13-15 | 16-18 | 19-21 | 22-24 || total
-------------------------+-------+-------+-------+-------+-------+-------+-------+-------++-------
Melee: Dagger            |   121 |   179 |   305 |   609 |  1023 |  1317 |  1284 |  1102 ||  5940
       Quick blade       |       |       |       |       |       |       |       |    22 ||    22
Throw: Dart              |       |     5 |     3 |       |       |       |       |     1 ||     9
 Cast: Corona            |    12 |     3 |     2 |     2 |     2 |    11 |     3 |     1 ||    36
       Ensorcelled Hiber |    36 |    45 |    46 |   149 |   357 |   283 |   394 |   144 ||  1454
       Confusing Touch   |       |     2 |    19 |    25 |    58 |   122 |    56 |   119 ||   401
       Dazzling Flash    |       |       |     1 |     6 |     8 |    52 |   104 |    12 ||   183
       Tukima's Dance    |       |       |       |       |     8 |     1 |     9 |     1 ||    19
       Slow              |       |       |       |       |       |     1 |       |       ||     1
       Fulminant Prism   |       |       |       |       |       |     7 |       |       ||     7
       Iskenderun's Myst |       |       |       |       |       |     1 |       |       ||     1
       Bolt of Magma     |       |       |       |       |       |    43 |    89 |    56 ||   188
       Iron Shot         |       |       |       |       |       |       |    25 |   119 ||   144
       Yara's Violent Un |       |       |       |       |       |       |     2 |       ||     2
       Blink             |       |       |       |       |       |       |     1 |     2 ||     3
       Petrify           |       |       |       |       |       |       |     1 |       ||     1
Invok: Shadow Step       |       |       |       |     2 |    11 |    19 |    11 |     7 ||    50
       Shadow Form       |       |       |       |       |     1 |       |       |     1 ||     2
 Abil: Evoke Flight      |       |       |       |       |       |       |       |     1 ||     1
Evoke: Tin of tremorston |       |       |       |     3 |       |     4 |       |       ||     7
       Wand              |       |       |       |     2 |     1 |     9 |       |     1 ||    13
       Condenser vane    |       |       |       |       |     2 |     7 |     2 |     2 ||    13
       Lightning rod     |       |       |       |       |       |       |       |     4 ||     4
  Use: Scroll            |     2 |     5 |    15 |     9 |    15 |     7 |    12 |    19 ||    84
       Potion            |       |       |       |       |     3 |     5 |       |     8 ||    16
 Stab: Sleeping          |    35 |    34 |    55 |   119 |   286 |   208 |   277 |   132 ||  1146
       Confused          |       |     2 |    19 |    29 |    60 |   145 |    69 |   126 ||   450
       Distracted        |       |     1 |       |     3 |     2 |     3 |     5 |     3 ||    17
       Invisible         |       |       |       |     5 |     8 |    47 |    80 |    10 ||   150
       Petrified         |       |       |       |       |     2 |       |       |       ||     2
Armor: Robe              |     7 |    12 |    18 |    59 |    48 |    64 |    31 |    87 ||   326
Dodge: Dodged            |    77 |    84 |   164 |   360 |   593 |   787 |   760 |   840 ||  3665
Block: Other             |     2 |    27 |    44 |    91 |    73 |       |       |       ||   237
       Reflection        |       |     1 |       |     2 |    24 |    51 |    45 |    17 ||   140
       Buckler           |       |       |       |       |   214 |   405 |   452 |   516 ||  1587

Table legend: (Time is in decaauts)
 A = Elapsed time spent in this place.
 B = Non-inter-level travel time spent in this place.
 C = Inter-level travel time spent in this place.
 D = Time resting spent in this place.
 E = Time spent auto-exploring this place.
 F = Levels seen in this place.
 G = Mean time per level.
                   A        B        C        D        E       F      G
               +--------+--------+--------+--------+--------+-----+--------+
         Total |  72324 |  68340 |   3984 |  32918 |  19503 |  50 | 1446.5 |
       Dungeon |  18890 |  17394 |   1496 |   7845 |   5488 |  15 | 1259.3 |
        Temple |    228 |    209 |     19 |      0 |    205 |   1 |  228.0 |
          Lair |   7315 |   6692 |    623 |   2197 |   3397 |   6 | 1219.2 |
         Swamp |   5172 |   4965 |    207 |   2182 |   1697 |   4 | 1293.0 |
     Snake Pit |  10389 |   9861 |    528 |   5953 |   1860 |   4 | 2597.2 |
  Orcish Mines |   2281 |   2114 |    167 |    837 |    653 |   2 | 1140.5 |
   Elven Halls |   2551 |   2444 |    107 |   1130 |    941 |   2 | 1275.5 |
        Vaults |  12204 |  11657 |    547 |   6408 |   2542 |   4 | 3051.0 |
        Depths |  10867 |  10580 |    287 |   5858 |   2634 |   5 | 2173.4 |
         Abyss |   2292 |   2292 |      0 |    504 |      6 |   5 |  458.4 |
        Bazaar |    131 |    131 |      0 |      0 |     75 |   2 |   65.5 |
               +--------+--------+--------+--------+--------+-----+--------+

Top non-repeatable levels by time:
Vaults:1: 5311 daAuts
 Snake:4: 4170 daAuts
Depths:2: 3559 daAuts
Vaults:4: 2972 daAuts
 Snake:1: 2622 daAuts
 Snake:2: 2510 daAuts
Depths:1: 2496 daAuts
Depths:4: 2313 daAuts
    D:13: 2218 daAuts
Vaults:3: 2217 daAuts
     D:1: 2200 daAuts
  Lair:6: 1923 daAuts
 Swamp:4: 1912 daAuts
     D:3: 1911 daAuts
  Lair:2: 1772 daAuts
